 Dungeon Crawl Stone Soup version 0.30.1-4-g462c640d31 (webtiles) character file.

Game seed: 15736875370436124720

29724 dvd2 the Cleaver (level 13, -3/87 (99) HPs)
             Began as a Demonspawn Monk on Sept 11, 2023.
             Was a High Priest of Makhleb.
             Slain by a spectral merfolk impaler (4 damage)
             ... called from beyond by a ghost crab
             ... in a Gauntlet.
             The game lasted 00:35:49 (12692 turns).

dvd2 the Cleaver (Demonspawn Monk)                 Turns: 12692, Time: 00:35:50

HP:   -3/87 (99)    AC: 18    Str: 16    XL:     13   Next: 16%
MP:   23/23         EV: 14    Int: 11    God:    Makhleb [*****.]
Gold: 1137          SH:  4    Dex: 17    Spells: 12/12 levels left

rFire   + . .        a - +8 executioner's axe of Baumochu {flame, rF+ rC+ Stlth+}
rCold   + . .        (shield currently unavailable)
rNeg    . . .        p - +3 troll leather armour
rPois   .            (no helmet)
rElec   .            G - +2 cloak
rCorr   +            (gloves unavailable)
SInv    .            z - +0 pair of boots
Will    .....        R - amulet of regeneration
Stlth   +++          B - +4 ring of protection
HPRegen 1.94/turn    J - ring of resist corrosion
MPRegen 0.18/turn

%: no teleportation
@: heavily drained
A: claws 3, molten scales 1, demonic guardian 3, condensation shield
a: Renounce Religion, Minor Destruction, Lesser Servant of Makhleb, Major
Destruction, Greater Servant of Makhleb


You were in a Gauntlet.
You worshipped Makhleb.
Makhleb was extremely pleased with you.
You visited 3 branches of the dungeon, and saw 16 of its levels.
You also visited: Bailey and Gauntlet.

You collected 1647 gold pieces.
You spent 510 gold pieces at shops.

Inventory:

Hand Weapons
 a - the +8 executioner's axe of Baumochu (weapon) {flame, rF+ rC+ Stlth+}
   (You found it in a bailey)

   rF:        It protects you from fire.
   rC:        It protects you from cold.
   Stlth:     It makes you more stealthy.
 b - a +4 war axe of electrocution
 c - a +4 whip of venom
 Q - a +4 great mace of protection
Missiles
 f - 2 boomerangs of dispersal
 n - 10 poisoned darts
 A - a javelin
 D - 6 boomerangs
 K - 2 atropa-tipped darts
 N - 2 curare-tipped darts
Armour
 d - an orb of light
 g - the +0 robe of Amorality {Rampage rElec Archmagi}
   (You found it on level 2 of the Dungeon)

   rElec:     It insulates you from electricity.
   Rampage:   It bestows one free step when moving towards enemies.
   Archmagi:  It increases the power of your magical spells.
 p - a +3 troll leather armour (worn)
 y - a +2 scale mail of willpower
 z - a +0 pair of boots (worn)
 F - a scarf of resistance
 G - a +2 cloak (worn)
 P - a +0 buckler
Magical Staves
 h - a staff of poison
Jewellery
 t - a ring of see invisible
 x - an amulet of magic regeneration
 B - a +4 ring of protection (left claw)
 J - a ring of resist corrosion (right claw)
 R - an amulet of regeneration (around neck)
Wands
 j - a wand of digging (8)
 v - a wand of iceblast (8)
 E - a wand of polymorph (1)
 L - a wand of paralysis (4)
Scrolls
 i - 2 scrolls of fear
 s - 6 scrolls of fog
 u - 3 scrolls of magic mapping
 C - 5 scrolls of teleportation
 H - a scroll of brand weapon
 I - 4 scrolls of enchant weapon
 M - a scroll of amnesia
 O - a scroll of identify
Potions
 e - 7 potions of curing
 k - a potion of ambrosia
 l - a potion of berserk rage
 m - 7 potions of brilliance
 o - 2 potions of mutation
 q - 3 potions of flight
 r - 4 potions of might
 w - 4 potions of heal wounds


   Skills:
 + Level 8.4 Fighting
 * Level 14.8 Axes
 + Level 0.2(9.6) Maces & Flails
 + Level 0.4 Throwing
 + Level 4.2 Armour
 + Level 5.6 Dodging
 + Level 2.6 Stealth
 + Level 3.2 Shields
 + Level 14.3 Invocations


You had 12 spell levels left.
You didn't know any spells.
Your spell library contained the following spells:

 Spells                   Type           Power      Damage    Failure   Level
 Apportation              Tloc           0%         N/A       38%         1
 Magic Dart               Conj           0%         1d3       38%         1
 Necrotise                Necr           0%         1d4       38%         1
 Sandblast                Erth           0%         2d4       38%         1
 Call Imp                 Summ           0%         N/A       54%         2
 Lesser Beckoning         Tloc           0%         N/A       54%         2
 Passwall                 Tmut/Erth      0%         N/A       54%         2
 Dazzling Flash           Conj/Hex       0%         N/A       77%         3
 Gell's Gravitas          Tloc           0%         N/A       77%         3
 Mephitic Cloud           Conj/Pois/Air  0%         N/A       77%         3
 Stone Arrow              Conj/Erth      0%         3d7       77%         3
 Teleport Other           Tloc           0%         N/A       77%         3
 Tukima's Dance           Hex            0%         N/A       77%         3
 Vampiric Draining        Necr           0%         2d6       77%         3
 Vhi's Electric Charge    Tloc/Air       0%         N/A       77%         3
 Cause Fear               Hex            0%         N/A       99%         4
 Leda's Liquefaction      Hex/Erth       0%         N/A       99%         4
 Agony                    Necr           0%         N/A       100%        5
 Alistair's Intoxication  Tmut/Pois      0%         N/A       100%        5
 Arcjolt                  Conj/Air       0%         1d10      100%        5
 Fireball                 Conj/Fire      0%         3d3       100%        5
 Lee's Rapid Deconstruct  Erth           0%         3d4*      100%        5
 Summon Mana Viper        Hex/Summ       0%         N/A       100%        5
 Plasma Beam              Fire/Air       0%         2x1d11    100%        6
 Statue Form              Tmut/Erth      0%         N/A       100%        6
 Dragon Form              Tmut           0%         N/A       100%        7
 Dragon's Call            Summ           0%         N/A       100%        9


Dungeon Overview and Level Annotations

Branches:
Dungeon (10/15)            Temple (1/1) D:4            Lair (5/5) D:9
 Shoals (0/4) Lair:2       Spider (0/4) Lair:2        Slime (0/5) Lair:5
 Bailey (visited)         Gauntlet (1/1)
    Orc: D:9-12

Altars:
Ashenzari
Cheibriados
Dithmenos
Fedhas
Gozag
Kikubaaqudgha
Makhleb
Nemelex Xobeh
Okawaru
Qazlal
Ru
Sif Muna
Trog
Xom
Yredelemnul

Shops:
D:4 (([(   D:5 (   D:6 !

Annotations:
Gauntlet 7 transporters, 2 runed translucent doors


Innate Abilities, Weirdness & Mutations

You have claws for hands.
You are partially covered in molten scales. (AC +2)
A powerful demonic guardian rushes to your aid.
A meltable shield of frost defends you. (SH +4)


Message History

The ghost crab claws you!
You feel drained.
The spectral merfolk impaler hits you but does no damage.
You slash the ghost crab! You burn the ghost crab!
The ghost crab is almost destroyed.
You slice the spectral bunyip!! You burn the spectral bunyip!
You slash the spectral merfolk impaler! You burn the spectral merfolk impaler.
You are engulfed in spectral mist.
The spectral bunyip claws you but does no damage.
The spectral bunyip claws you!!
* * * LOW HITPOINT WARNING * * *
A demonic guardian appears!
You feel drained.
* * * LOW HITPOINT WARNING * * *
The spectral bunyip misses you.
The spectral merfolk impaler misses you.
The ghost crab completely misses you.
The ghost crab claws you but does no damage.
The spectral merfolk impaler hits you but does no damage.
You hit the ghost crab but do no damage.
The ghost crab is almost destroyed.
You slash the spectral merfolk impaler! You burn the spectral merfolk impaler.
You slash the spectral bunyip! You burn the spectral bunyip.
You are engulfed in spectral mist.
The spectral bunyip fades away!
The spectral merfolk impaler closely misses you.
The ghost crab barely misses you. The ghost crab claws you.
* * * LOW HITPOINT WARNING * * *
You feel drained.
Your balrug is engulfed in spectral mist.
The spectral merfolk impaler hits you but does no damage.
You hit the ghost crab but do no damage.
The ghost crab is almost destroyed.
You completely miss the spectral merfolk impaler.
You are engulfed in spectral mist.
Your balrug is engulfed in spectral mist.
Your balrug gestures at the ghost crab.
The bolt of fire misses the ghost crab.
The ghost crab bites you!
* * * LOW HITPOINT WARNING * * *
You feel drained.
* * * LOW HITPOINT WARNING * * *
The ghost crab barely misses you. The spectral merfolk impaler hits you.
You die...

# ### ### ### ### ### ### ### ###
###≈###≈###≈###≈###≈###≈###≈###≈#
≈#≈≈≈#≈≈≈#≈≈≈#≈≈≈#≈≈≈#≈≈≈#≈≈≈#≈≈≈
.................................
########...#########...#########.
##..2###.8.#○°○○2t.#.8.#.......#.
##"..###...#.###@###...#....##.#.
#.+##.h#####!.#Z^.######..##.#.##
©?#©#.h#©.©#©.#©#.##©.©#©.#©.#.#§
#.##+..#...#..^.#..#...#.#..##.#.
##...###...#[#.###.#...#"####..#.
##...###8©8#t......#8©8#.......#8
#################################
.................................
≈#≈≈≈#≈≈≈#≈≈≈#≈≈≈#...8⌠8..8∩8..8⌠


You could see a ghost crab (ally target), a spectral merfolk impaler (summoned)
and a friendly balrug (summoned).

Vanquished Creatures
  An ice dragon (Lair:4)
  An anaconda (shapeshifter) (D:10)
  A two-headed ogre (D:10)
  5 death yaks
  A skyshark (Lair:3)
  2 orc knights (Bailey)
  A manticore (D:8)
  2 cyclopes (D:10)
  4 elephants
  A black mamba (Lair:4)
  An apocalypse crab (Gauntlet)
  A gargoyle (D:10)
  5 cane toads
  4 komodo dragons
  A tengu conjurer (Gauntlet)
  A queen bee (Gauntlet)
  2 trolls (D:10)
  A hornet (D:10)
  A tarantella (Lair:2)
  A blink frog (Lair:2)
  A dream sheep (Lair:4)
  3 spriggans (Lair:4)
  27 yaks
  A vampire (D:10)
  3 wyverns
  A steam dragon (D:7)
  2 acid dragons (D:10)
  8 water moccasins
  A black bear (D:6)
  10 orc warriors
  2 ice beasts
  8 centaurs
  A phantom (D:3)
  12 bullfrogs
  A gnoll sergeant (D:9)
  4 scorpions
  A wight (D:10)
  20 killer bees
  An electric eel (Lair:4)
  2 howler monkeys
  3 jellies
  3 hounds (D:5)
  A jelly (shapeshifter) (D:10)
  3 orc priests
  3 gnoll boudas
  A sleepcap (D:6)
  Terence (D:2)
  5 iguanas
  6 orc wizards
  17 gnolls
  10 adders
  A shadow imp (D:6)
  A white imp (D:6)
  2 worms (D:2)
  4 dart slugs
  48 orcs
  4 endoplasms
  7 giant cockroaches
  9 goblins
  6 hobgoblins
  3 jackals (D:5)
  6 kobolds
  4 quokkas
  15 ball pythons
  5 bats
  A frilled lizard (D:2)
  10 rats
325 creatures vanquished.

Vanquished Creatures (collateral kills)
  A hydra (Lair:3)
  2 death yaks (Lair:2)
  A tengu warrior (Gauntlet)
  2 elephants (Lair:2)
  A tengu conjurer (Gauntlet)
  A troll (D:10)
  A polar bear (Lair:1)
  2 blink frogs (Lair:2)
  A basilisk (Lair:4)
  4 yaks (Lair:1)
  An acid dragon (D:10)
  A sky beast (D:7)
  A centaur (D:7)
  An orc priest (D:6)
  3 gnolls (D:7)
  An orc (Bailey)
24 creatures vanquished.

Grand Total: 349 creatures vanquished

Notes
Turn   | Place    | Note
-------+----------+-------------------------------------------
     0 | D:1      | dvd2 the Demonspawn Monk began the quest for the Orb.
     0 | D:1      | Reached XP level 1. HP: 18/18 MP: 1/1
     2 | D:1      | Noticed a merfolk
     2 | D:1      | Noticed an armataur
     4 | D:1      | Noticed a minotaur
     4 | D:1      | Noticed an ogre
     6 | D:1      | Noticed a naga
     6 | D:1      | Noticed a formicid
     8 | D:1      | Noticed a tengu
     8 | D:1      | Noticed a draconian
    10 | D:1      | Noticed a vampire
    10 | D:1      | Noticed a gargoyle
    12 | D:1      | Noticed an elf
    12 | D:1      | Noticed a spriggan
    14 | D:1      | Noticed a ghoul
    16 | D:1      | Noticed a demigod
    16 | D:1      | Noticed a meteoran
    18 | D:1      | Noticed a troll
    20 | D:1      | Noticed a felid
    22 | D:1      | Noticed a demonspawn
    22 | D:1      | Noticed a human
    24 | D:1      | Noticed an octopode
    24 | D:1      | Noticed a meteoran
    26 | D:1      | Noticed a gargoyle
    26 | D:1      | Noticed a vampire
   251 | D:1      | Gained mutation: You have sharp fingernails. [demonic
                  | ancestry]
   251 | D:1      | Reached XP level 2. HP: 24/24 MP: 2/2
   424 | D:1      | Gained mutation: A meltable shield of frost defends you.
                  | (SH +4) [demonic ancestry]
   424 | D:1      | Reached XP level 3. HP: 29/29 MP: 3/3
  1111 | D:2      | Gained mutation: You are partially covered in molten
                  | scales. (AC +2) [demonic ancestry]
  1111 | D:2      | Reached XP level 4. HP: 34/37 MP: 4/4
  1305 | D:2      | HP: 1/37 [poisoned by an adder]
  1819 | D:2      | Found a faded altar of an unknown god.
  1861 | D:2      | Noticed Terence
  1871 | D:2      | Killed Terence
  1872 | D:2      | Gained mutation: A weak demonic guardian rushes to your
                  | aid. [demonic ancestry]
  1872 | D:2      | Reached XP level 5. HP: 42/42 MP: 5/5
  1995 | D:2      | Identified the +0 robe of Amorality {Rampage rElec
                  | Archmagi}
  2117 | D:3      | Noticed a phantom
  2130 | D:3      | Killed a phantom
  2335 | D:3      | Found a snail-covered altar of Cheibriados.
  2358 | D:3      | Gained mutation: You have very sharp fingernails. [demonic
                  | ancestry]
  2358 | D:3      | Reached XP level 6. HP: 15/48 MP: 6/6
  2751 | D:4      | Found Eqanlekh's Antique Weapon Emporium.
  2751 | D:4      | Found Peoh's Antique Weapon Shoppe.
  2754 | D:4      | Reached skill level 5 in Axes
  2782 | D:4      | Found Teanegh's Antique Armour Boutique.
  2784 | D:4      | Found Muipt's Antique Weapon Shop.
  2985 | D:4      | Found an opulent altar of Gozag.
  3009 | D:4      | Found a staircase to the Ecumenical Temple.
  3043 | Temple   | Entered the Ecumenical Temple
  3293 | D:4      | Found a bloodstained altar of Trog.
  3393 | D:5      | Entered Level 5 of the Dungeon
  3433 | D:5      | Reached skill level 1 in Stealth
  3457 | D:5      | Gained mutation: A demonic guardian rushes to your aid.
                  | [demonic ancestry]
  3457 | D:5      | Reached XP level 7. HP: 35/55 MP: 7/7
  3732 | D:5      | Found Hikuim's Antique Weapon Shop.
  3795 | D:5      | Found a burning altar of Makhleb.
  3803 | D:5      | Became a worshipper of Makhleb the Destroyer
  3803 | D:5      | Reached * piety under Makhleb
  3803 | D:5      | Reached ** piety under Makhleb
  3972 | D:6      | Reached skill level 1 in Shields
  3981 | D:6      | Reached skill level 1 in Armour
  4090 | D:6      | Reached skill level 1 in Invocations
  4090 | D:6      | Reached XP level 8. HP: 48/61 MP: 8/8
  4252 | D:6      | Reached skill level 5 in Fighting
  4556 | D:6      | Found Haek's Distillery.
  4568 | D:6      | Bought a potion of heal wounds for 60 gold pieces
  5071 | D:7      | Found a flagged portal.
  5182 | Bailey   | Entered a bailey
  5255 | Bailey   | Gained mutation: A powerful demonic guardian rushes to your
                  | aid. [demonic ancestry]
  5255 | Bailey   | Reached XP level 9. HP: 64/69 MP: 12/12
  5257 | Bailey   | Reached *** piety under Makhleb
  5296 | Bailey   | Reached skill level 5 in Invocations
  5764 | Bailey   | Noticed an orc knight
  5764 | Bailey   | Noticed an orc knight
  5776 | Bailey   | Killed an orc knight
  5777 | Bailey   | Killed an orc knight
  5786 | Bailey   | Identified the +8 executioner's axe of Baumochu {flame, rF+
                  | rC+ Stlth+}
  5938 | Bailey   | Acquired 737 gold pieces
  6111 | D:4      | Bought a runed troll leather armour for 450 gold pieces
  6615 | D:7      | Reached XP level 10. HP: 71/76 MP: 16/16
  6914 | D:8      | Reached **** piety under Makhleb
  7021 | D:8      | Found a shimmering altar of Xom.
  7032 | D:8      | Found a shimmering altar of Xom.
  7032 | D:8      | Found a sacrificial altar of Ru.
  7041 | D:8      | Found a basalt altar of Yredelemnul.
  7041 | D:8      | Found an opulent altar of Gozag.
  7041 | D:8      | Found an iron altar of Okawaru.
  7175 | D:8      | Noticed a manticore
  7183 | D:8      | Killed a manticore
  7184 | D:8      | Reached skill level 10 in Invocations
  7215 | D:8      | Found a shimmering blue altar of Sif Muna.
  7489 | D:8      | Found a sparkling altar of Nemelex Xobeh.
  7687 | D:9      | Found a staircase to the Lair.
  8108 | D:9      | Found a stormy altar of Qazlal.
  8300 | D:10     | Entered Level 10 of the Dungeon
  8361 | D:10     | Noticed a two-headed ogre
  8367 | D:10     | Killed a two-headed ogre
  8368 | D:10     | Reached skill level 10 in Axes
  8424 | D:10     | Noticed a gargoyle
  8434 | D:10     | Killed a gargoyle
  8439 | D:10     | Noticed a cyclops
  8452 | D:10     | Gained mutation: You have claws for hands. [demonic
                  | ancestry]
  8452 | D:10     | Reached XP level 11. HP: 83/83 MP: 19/19
  8716 | D:10     | Noticed an ice dragon
  8724 | D:10     | an ice dragon changed into an anaconda
  8724 | D:10     | Noticed an anaconda (shapeshifter)
  8725 | D:10     | Killed an anaconda
  8866 | Lair:1   | Entered Level 1 of the Lair of Beasts
  8993 | Lair:1   | You fall into a shaft and drop 1 floor!
  9039 | Lair:2   | Found a hole to the Spider Nest.
  9206 | Lair:1   | Got the Compendium of Searing Spellbinding
  9329 | Lair:1   | Reached ***** piety under Makhleb
  9847 | Lair:2   | Noticed a death yak
  9849 | Lair:2   | Noticed a death yak
  9850 | Lair:2   | Noticed a death yak
  9850 | Lair:2   | Noticed a death yak
  9866 | Lair:1   | Killed a death yak
 10077 | Lair:2   | Reached skill level 5 in Dodging
 10160 | Lair:2   | Reached XP level 12. HP: 54/91 MP: 21/21
 10507 | Lair:2   | Killed a death yak
 10514 | Lair:2   | Killed a death yak
 10518 | Lair:2   | Killed a death yak
 10721 | Lair:2   | Found a staircase to the Shoals.
 11027 | Lair:3   | Noticed a death yak
 11027 | Lair:3   | Noticed a death yak
 11027 | Lair:3   | Noticed a death yak
 11027 | Lair:3   | Noticed a death yak
 11028 | Lair:3   | Noticed a death yak
 11044 | Lair:2   | Killed a death yak
 11066 | Lair:3   | Noticed a four-headed hydra
 11083 | Lair:3   | Killed a four-headed hydra
 11223 | Lair:3   | Noticed a death yak
 11255 | Lair:2   | Killed a death yak
 11468 | Lair:2   | Killed a death yak
 11868 | Lair:4   | Noticed an ice dragon
 11875 | Lair:4   | Killed an ice dragon
 11876 | Lair:4   | Reached XP level 13. HP: 88/98 MP: 23/23
 12320 | Lair:5   | Entered Level 5 of the Lair of Beasts
 12370 | Lair:5   | Found a gate leading to a gauntlet.
 12381 | Gauntlet | Entered a Gauntlet
 12381 | Gauntlet | Found a transporter.
 12391 | Gauntlet | Found a transporter.
 12393 | Gauntlet | Found a transporter.
 12394 | Gauntlet | Found a transporter.
 12405 | Gauntlet | Found a transporter.
 12405 | Gauntlet | Found a transporter.
 12406 | Gauntlet | Found a transporter.
 12417 | Gauntlet | Found a transporter.
 12418 | Gauntlet | Found a transporter.
 12418 | Gauntlet | Found a transporter.
 12426 | Gauntlet | Found a transporter.
 12429 | Gauntlet | Found a transporter.
 12430 | Gauntlet | Found a transporter.
 12434 | Gauntlet | Found a runed translucent door.
 12436 | Gauntlet | Found a runed translucent door.
 12438 | Gauntlet | Found a transporter.
 12692 | Gauntlet | HP: 3/89 [ghost crab (8)]
 12692 | Gauntlet | HP: 1/87 [ghost crab (2)]
 12692 | Gauntlet | Slain by a spectral merfolk impaler

Illustrated notes

Levels and vault maps discovered:
D:1:      kb_arrival_jail, layout_loops_ring
D:2:      minmay_chambers_of_twos, layout_basic, shapermc_ecumenical_altar_gd,
          minmay_shallow_snake_nest, uniq_terence
D:3:      layout_rooms, elyvilon_altar_3, overflow_temple_1_default
D:4:      layout_rooms, trog_book, grunt_gozag_statues,
          minmay_temple_entry_trees, minmay_misc_feat_ornament,
          nicolae_wooded_promenade
D:5:      layout_rooms, mainiacjoe_overflow_paths, serial_shops,
          nicolae_shop_rolling_square
D:6:      layout_cave_pools, serial_shops, shop, chequers_serial_rivers_micro_e
D:7:      layout_layer_cave, enter_bailey_1, st_stairs_8
D:8:      layout_loops_cross, doesnt_xom_only_xom, old_standard_altar,
          lemuel_tele_altar, serial_rivers, chequers_serial_rivers_large_b,
          chequers_serial_rivers_room_a, chequers_serial_rivers_marsh,
          chequers_serial_rivers_room_a, chequers_serial_rivers_large_a,
          chequers_serial_rivers_micro_b
D:9:      layout_irregular_city, grunt_qazlal_sundering, lair_entry_dummy,
          hellmonk_bongcloud_opening
D:10:     minmay_the_grid_octo_tiled_squarecenter
          [minmay_the_grid_octo_vomiting_pacman, minmay_the_grid_octo_toaster,
          minmay_the_grid_octo_teeth, minmay_the_grid_octo_77,
          minmay_the_grid_square_5x5_megaprize_crossed,
          minmay_the_grid_square_5x5_three, minmay_the_grid_square_5x5_shuriken,
          minmay_the_grid_square_5x5_three_walls,
          minmay_the_grid_square_5x5_inverted_slash], layout_basic,
          tso_oasis_becter, nicolae_overflow_hallway_of_the_gods
Temple:   nicolae_temple_superstar
Lair:1:   layout_cave_pods, serial_bayou_shore_b
Lair:2:   layout_long_grid, shoals_dummy_entry, spider_nest_entry_rubble
Lair:3:   layout_hall_layers, st_stairs_6
Lair:4:   dragon1_lemuel, layout_hall_layers, wad_woods_02
Lair:5:   hangedman_lair_tendril_chambers, layout_regular_city, slime_entry_1,
          gauntlet_entry_generic, ebering_ghost_reflecting_pool
Gauntlet: gammafunk_gauntlet_77_escape_option
          [minmay_gauntlet_arena_77_tiled_triplets,
          minmay_gauntlet_arena_77_chump_sandwich,
          minmay_gauntlet_arena_77_hold_the_fort,
          minmay_gauntlet_arena_77_broken_ladder,
          minmay_gauntlet_arena_77_cramped, dreamdust_gauntlet_exit_labyrinth]

Skill      XL: |  1  2  3  4  5  6  7  8  9 10 11 12 |
---------------+-------------------------------------+-----
Axes           | 3 4 5 7 8 10 12 14 | 14.8
Dodging        | 3 4 5 |  5.6
Fighting       | 4 5 6 7 8 |  8.4
Stealth        | 1 2 |  2.6
Shields        | 1 2 3 |  3.2
Armour         | 1 2 3 4 |  4.2
Invocations    | 1 4 9 11 12 14 | 14.3
Maces & Flails | |  0.2
Throwing       | |  0.4

Action                     |  1- 3 |  4- 6 |  7- 9 | 10-12 | 13-15 || total
---------------------------+-------+-------+-------+-------+-------++-------
  Melee: Hand axe          |    58 |       |       |       |       ||    58
         War axe           |    47 |   164 |   110 |       |       ||   321
         Executioner's axe |       |       |    18 |   262 |    50 ||   330
         Whip              |       |       |       |    12 |       ||    12
  Throw: Javelin           |       |     7 |       |       |       ||     7
         Dart              |       |     3 |     1 |       |       ||     4
 Invoke: Minor Destruction |       |       |    97 |   187 |     8 ||   292
         Lesser Servant of |       |       |       |     2 |       ||     2
    Use: Potion            |       |     3 |     1 |     2 |       ||     6
         Scroll            |       |       |    14 |     7 |     2 ||    23
   Stab: Sleeping          |       |       |       |     3 |       ||     3
         Distracted        |       |       |       |     1 |       ||     1
 Armour: Robe              |    21 |    25 |       |       |       ||    46
         Scale mail        |       |    38 |   105 |       |       ||   143
         Troll leather arm |       |       |     6 |   123 |    43 ||   172
  Dodge: Dodged            |    66 |   110 |   129 |   206 |    46 ||   557
  Block: Orb               |     4 |    29 |    44 |       |       ||    77
         Other             |       |       |     2 |    55 |    12 ||    69
